 Dungeon Crawl Stone Soup version 0.31-a0-803-g95b03c3367 (webtiles) character file.

Game seed: 15619577187398059579

268 arthad the Covered (level 6, 0/54 HPs)
             Began as an Armataur Fighter on Sept 20, 2023.
             Slain by an orc
             ... wielding a +0 whip
              (4 damage)
             ... on level 3 of the Dungeon.
             The game lasted 00:04:06 (1717 turns).

arthad the Covered (Armataur Fighter)               Turns: 1717, Time: 00:04:07

Health: 0/54       AC:  8    Str: 23    XL:     6   Next: 0%
Magic:  6/6        EV:  7    Int:  8    God:
Gold:   112        SH:  5    Dex: 10    Spells: 5/5 levels left

rFire   . . .        a - +0 flail
rCold   . . .        c - +1 buckler
rNeg    . . .        b - +0 scale mail
rPois   .            q - +1 hat
rElec   .            (no cloak)
rCorr   .            (no gloves)
SInv    +            (no barding)
Will    .....        e - amulet of magic regeneration Stlth
                     (no ring)
HPRegen 0.29/turn    (no ring)
MPRegen 0.50/turn

%: roll
@: weak-willed
A: large, rugged brown scales 3, deformed body, armoured tail, roll, long
tongue, awkward tongue
a: no special abilities


You were on level 3 of the Dungeon.
You visited 1 branch of the dungeon, and saw 3 of its levels.

You collected 112 gold pieces.

Inventory:

Hand Weapons
 a - a +0 flail (weapon)
 d - a +2 heavy scythe
 i - a +1 short sword of protection
Missiles
 m - 2 poisoned darts
Armour
 b - a +0 scale mail (worn)
 c - a +1 buckler (worn)
 q - a +1 hat (worn)
 r - a scarf of harm
Jewellery
 e - an amulet of magic regeneration (around neck)
 h - an amulet of faith
Scrolls
 j - a scroll of vulnerability
 k - 2 scrolls of noise
 l - a scroll of revelation
Potions
 g - 3 potions of brilliance {unknown}
 n - a potion of mutation {unknown}
 o - a potion of curing {unknown}
 p - a potion of enlightenment {unknown}


   Skills:
 * Level 3.6 Fighting
 * Level 3.0 Maces & Flails
 * Level 4.9 Armour
 + Level 1.1 Dodging
 * Level 4.7 Shields


You had 5 spell levels left.
You didn't know any spells.
Your spell library contained the following spells:

 Spells                   Type           Power      Damage    Failure   Level
 Scorch                   Fire           0%         2d5       88%         2
 Flame Wave               Conj/Fire      0%         2d4       100%        4
 Summon Cactus Giant      Summ           0%         N/A       100%        6


Dungeon Overview and Level Annotations

Branches:
Dungeon (3/15)

Altars:

Shops:
D:1 *![(


Innate Abilities, Weirdness & Mutations

You are completely covered in rugged brown scales. (AC +3, +7% HP)
Armour fits poorly on your strangely shaped body.
You have a long armoured tail.
You roll when moving toward enemies. (Rampage)
Your long tongue fully drains potion bottles. (2x potion effects)
Your tongue gives you trouble enunciating. (1.5x scroll delay)


Message History

You are too injured to fight recklessly!
You are too injured to fight recklessly!
You are too injured to fight recklessly!
You are too injured to fight recklessly!
You are too injured to fight recklessly!
You are too injured to fight recklessly!
You are too injured to fight recklessly!
You are too injured to fight recklessly!
You are too injured to fight recklessly!
As you slowly read the scroll labelled DOIN TEPRAICE, it crumbles to dust.
It is a scroll of enchant armour.
Your +0 buckler glows green for a moment.
You feel sick. The orc hits you with a +0 short sword.
The orc hits you but does no damage. x2; The orc hits you with a +0 whip.
The adder bites you but does no damage. The orc hits you with a +0 short sword.
* * * LOW HITPOINT WARNING * * *
The orc closely misses you. The orc hits you but does no damage. x2
The adder barely misses you.
As you slowly read the scroll labelled SANWAI WODITYO, it crumbles to dust.
You hear a loud clanging noise!
It was a scroll of noise.
You feel sick.
You are no longer poisoned.
The adder barely misses you. The orc hits you with a +0 short sword.
* * * LOW HITPOINT WARNING * * *
The orc hits you with a +0 whip.
* * * LOW HITPOINT WARNING * * *
The orc hits you but does no damage. The orc closely misses you.
As you slowly read the scroll labelled ACLOBY BOREST, it crumbles to dust.
Magic quickly surges around you.
It was a scroll of vulnerability.
The adder barely misses you. The orc hits you but does no damage. x2
You block the orc's attack. The orc hits you but does no damage.
You block the adder's attack. The orc hits you but does no damage.
The orc closely misses you. The orc barely misses you. x2
As you slowly read the scroll labelled JAKYINNYBE, it crumbles to dust.
You feel aware of your surroundings.
It was a scroll of revelation.
You block the adder's attack. The adder bites you but does no damage.
The orc hits you but does no damage. The orc hits you with a +0 short sword.
* * * LOW HITPOINT WARNING * * *
The orc hits you with a +0 whip.
You die...

#..........# **,,*
######..........# *,,>,
######..........# *****
*######..........#### *,
*...................# *,
*...................# **,
*........#####......# *,,
*......oo#####......# *,,
*......o@############ *,,
*......So#####..,,,* *,,
*.......o#####..,,,* *,,
*.....$..#####..,,,* *,,
*...$....###<+..,,,* *,,
*........#####..,,,****,,
*........#####..,,,+,,*,,
*........#####..,,,**,*,,
********** *,,,,,**,,,,


You could see an adder (weak-willed) and 5 orcs.

Vanquished Creatures
  Sigmund (D:3)
  A gnoll (D:2)
  2 adders
  2 dart slugs (D:2)
  9 ball pythons
  2 endoplasms
  4 giant cockroaches
  10 goblins
  6 hobgoblins
  2 jackals (D:2)
  2 quokkas
  8 bats
  3 frilled lizards
  5 kobolds
  5 rats
62 creatures vanquished.

Notes
Turn   | Place    | Note
-------+----------+-------------------------------------------
     0 | D:1      | arthad the Armataur Fighter began the quest for the Orb.
     0 | D:1      | Reached XP level 1. HP: 19/19 MP: 1/1
    37 | D:1      | Found Osakhuic's Antique Armour Shoppe.
    39 | D:1      | Found a transporter.
   122 | D:1      | Reached XP level 2. HP: 18/26 MP: 2/2
   191 | D:1      | Found Hava Fakh's Distillery.
   506 | D:1      | Found Kupu's General Store.
   509 | D:1      | Reached XP level 3. HP: 29/32 MP: 3/3
   730 | D:1      | Found a transporter.
   730 | D:1      | Found Laestrirr's Antique Weapon Emporium.
  1110 | D:2      | Reached XP level 4. HP: 25/40 MP: 4/4
  1469 | D:3      | Noticed Sigmund
  1474 | D:3      | Killed Sigmund
  1475 | D:3      | Reached skill level 1 in Dodging
  1475 | D:3      | Reached XP level 5. HP: 38/48 MP: 5/5
  1587 | D:3      | Found a faded altar of an unknown god.
  1654 | D:3      | Reached XP level 6. HP: 48/54 MP: 6/6
  1717 | D:3      | Slain by an orc

Illustrated notes

Levels and vault maps discovered:
D:1:      dpeg_arrival_subterranean_lakeside_camping, layout_basic,
          serial_shops, shop, nicolae_shop_just_a_little_nook, shop_fountains,
          nicolae_shop_drivethru
D:2:      layout_rooms, columned_hall_lemuel, cheibrodos_gnoll_hut
D:3:      kennysheep_six_static_rooms, layout_basic,
          ebering_ecumenical_altar_sacrificial, uniq_sigmund

Skill      XL: |  1  2  3  4 |
---------------+-------------+-----
Maces & Flails | 2 3 |  3.0
Armour         | 4 |  4.9
Fighting       | 3 |  3.6
Shields        | 4 |  4.7
Dodging        | 1 |  1.1

Action                     |  1- 3 |  4- 6 || total
---------------------------+-------+-------++-------
  Melee: Flail             |   119 |    59 ||   178
         Tailslap          |    11 |     5 ||    16
  Throw: Dart              |     1 |       ||     1
    Use: Potion            |       |     1 ||     1
         Scroll            |       |     4 ||     4
 Armour: Scale mail        |    95 |   127 ||   222
  Dodge: Dodged            |    41 |    32 ||    73
  Block: Buckler           |    29 |    25 ||    54

Table legend: (Time is in decaauts)
 A = Elapsed time spent in this place.
 B = Non-inter-level travel time spent in this place.
 C = Inter-level travel time spent in this place.
 D = Time resting spent in this place.
 E = Time spent auto-exploring this place.
 F = Levels seen in this place.
 G = Mean time per level.
                   A        B        C        D        E       F      G
               +--------+--------+--------+--------+--------+-----+--------+
         Total |   1775 |   1727 |     48 |      0 |   1290 |   3 |  591.7 |
       Dungeon |   1775 |   1727 |     48 |      0 |   1290 |   3 |  591.7 |
               +--------+--------+--------+--------+--------+-----+--------+

Top non-repeatable levels by time:
     D:1: 783 daAuts
     D:2: 621 daAuts
     D:3: 369 daAuts
